 Dungeon Crawl Stone Soup version 0.30-a0-39-g42789b21ef (webtiles) character file.

Game seed: 11540940452951353808

723 BritishOli the Slasher (level 7, 56/56 HPs)
             Began as a Demonspawn Fighter on Aug 29, 2022.
             Got out of the dungeon alive.
             The game lasted 00:02:40 (4199 turns).

BritishOli the Slasher (Demonspawn Fighter)         Turns: 4199, Time: 00:02:40

Health: 56/56      AC:  9    Str: 18    XL:     7   Next: 43%
Magic:  7/7        EV:  9    Int:  9    God:
Gold:   261        SH:  9    Dex: 13    Spells: 6/6 levels left

rFire   . . .      SeeInvis .    p - +1 long sword (elec)
rCold   . . .      Faith    .    c - +0 buckler
rNeg    . . .      Spirit   .    b - +0 scale mail
rPois   .          Reflect  .    (helmet restricted)
rElec   .          Harm     .    (no cloak)
rCorr   .          Rampage  .    (no gloves)
Will    .....                    k - +0 pair of boots
Stlth   ..........               (no amulet)
HPRegen 0.18/turn                (no ring)
MPRegen 0.10/turn                (no ring)

@: no status effects
A: antennae 2, spiny 1, sharp scales 1, condensation shield
a: no special abilities


You escaped.
You visited 1 branch of the dungeon, and saw 4 of its levels.

You collected 261 gold pieces.

Inventory:

Hand Weapons
 a - a +0 long sword
 p - a +1 long sword of electrocution (weapon)
Armour
 b - a +0 scale mail (worn)
 c - a +0 buckler (worn)
 k - a +0 pair of boots (worn)
 n - a +2 helmet
Jewellery
 e - a ring of ice
 s - a ring of wizardry
Scrolls
 f - a scroll of vulnerability {unknown}
 h - a scroll of enchant weapon {unknown}
 i - 5 scrolls of identify {unknown}
 m - 2 scrolls of amnesia {unknown}
 o - a scroll of noise {unknown}
 t - a scroll of fog {unknown}
 u - a scroll of teleportation {unknown}
 w - a scroll of poison {unknown}
Potions
 d - a potion of might
 g - 3 potions of brilliance {unknown}
 j - a potion of attraction {unknown}
 l - a potion of haste {unknown}
 q - 3 potions of heal wounds {unknown}
 r - a potion of magic {unknown}
 v - a potion of mutation {unknown}


   Skills:
 + Level 5.4 Fighting
 * Level 5.7 Long Blades
 - Level 3.3 Armour
 - Level 3.4 Shields


You had 6 spell levels left.
You didn't know any spells.
Your spell library contained the following spells:

 Spells                   Type           Power      Damage    Failure   Level
 Beastly Appendage        Tmut           0%         N/A       86%         1
 Freeze                   Ice            0%         1d3       86%         1
 Slow                     Hex            0%         N/A       86%         1
 Wereblood                Tmut           0%         N/A       94%         2
 Confusing Touch          Hex            0%         N/A       99%         3
 Frozen Ramparts          Ice            0%         1d1       99%         3
 Spider Form              Tmut/Pois      0%         N/A       99%         3
 Vampiric Draining        Necr           0%         2d6       99%         3
 Hailstorm                Conj/Ice       0%         3d3       100%        4


Dungeon Overview and Level Annotations

Branches:
Dungeon (4/15)
 Temple: D:4-7

Altars:
Cheibriados
Uskayaw


Innate Abilities, Weirdness & Mutations

You have a pair of antennae on your head.
You are partially covered in sharp spines.
You are partially covered in razor-sharp scales. (AC +1, Slay +1)
A meltable shield of frost defends you. (SH +4)


Message History

There is an open door here.
There is a stone staircase leading down here.
Done exploring.
No target in view!
Done exploring.
Done exploring.
No target in view!
Done exploring.
No target in view!
Done exploring.
No target in view!
Done exploring.
(D) Dungeon
Where to? (Enter - D:4, ? - help)
Okay, then.
Unknown command.
(D) Dungeon
Where to? (Enter - D:4, ? - help)
What level of the Dungeon? (default 1, ? - help)
There is a hide-covered altar of Uskayaw here.
There is a stone staircase leading up here.
You climb upwards.
There is a stone staircase leading down here.
You see here a +0 dagger.
There is a stone staircase leading up here.
You climb upwards.
There is a stone staircase leading down here.
You see here a +0 ring mail.
There is a stone staircase leading up here.
You climb upwards.
There is a stone staircase leading down here.
(D) Dungeon
Where to? (Enter - D:1, ? - help)
Okay, then.
You see here a +0 dagger.
You see here a +0 sling.
There is an empty arch of ancient stone here.
There is a staircase leading out of the dungeon here.
Are you sure you want to leave the Dungeon?
This will make you lose the game!
You have escaped!

......................>..#.#
#.............#..#......##.######
................................#
..........................†######
#..#############................#
...#...........#...........######
..##.8.♣.8.♣.8.##...#..###.#
###.............##..#..# #.#
..∩.≈≈≈≈≈≈≈≈≈≈≈.@#..#..# #.#
###.............##).#..# #.#
####.8.♣.8.♣.8.###..#..# #.#
...#...........# #..#..# #.#
##.###############..#..# #.# #.#
#..........#..# #.# #.#
#####.###.##..# #.# ##.# #.#
#.##..# #.# .#.###########.#
#.##..# #.#


There were no monsters in sight!

Vanquished Creatures
  Pikel (D:4)
  A hound (D:4)
  2 orc priests (D:3)
  2 iguanas (D:4)
  7 adders
  A worm (D:2)
  5 dart slugs
  5 orcs
  4 ball pythons
  8 endoplasms
  9 goblins
  6 hobgoblins
  6 jackals
  6 kobolds
  3 quokkas
  5 bats
  7 frilled lizards
  6 rats
84 creatures vanquished.

Notes
Turn   | Place    | Note
-------+----------+-------------------------------------------
     0 | D:1      | BritishOli the Demonspawn Fighter began the quest for the
                  | Orb.
     0 | D:1      | Reached XP level 1. HP: 18/18 MP: 1/1
   320 | D:1      | Gained mutation: You are partially covered in sharp spines.
                  | [demonic ancestry]
   320 | D:1      | Reached XP level 2. HP: 14/24 MP: 2/2
   450 | D:1      | Found a faded altar of an unknown god.
  1162 | D:2      | Reached XP level 3. HP: 28/29 MP: 3/3
  1528 | D:2      | Gained mutation: You are partially covered in razor-sharp
                  | scales. (AC +1, Slay +1) [demonic ancestry]
  1528 | D:2      | Reached XP level 4. HP: 29/35 MP: 4/4
  2433 | D:3      | Found a snail-covered altar of Cheibriados.
  2650 | D:3      | Gained mutation: You have a pair of small antennae on your
                  | head. [demonic ancestry]
  2650 | D:3      | Reached XP level 5. HP: 34/42 MP: 5/5
  3125 | D:4      | Found a hide-covered altar of Uskayaw.
  3206 | D:4      | Gained mutation: You have a pair of antennae on your head.
                  | [demonic ancestry]
  3206 | D:4      | Reached XP level 6. HP: 44/49 MP: 6/6
  3349 | D:4      | Noticed Pikel
  3360 | D:4      | Killed Pikel
  3361 | D:4      | Reached skill level 5 in Fighting
  3361 | D:4      | Reached skill level 5 in Long Blades
  3361 | D:4      | Gained mutation: A meltable shield of frost defends you.
                  | (SH +4) [demonic ancestry]
  3361 | D:4      | Reached XP level 7. HP: 11/56 MP: 7/7
  4199 | D:$      | Got out of the dungeon alive.

Illustrated notes

Levels and vault maps discovered:
D:1:      mainiacjoe_arrival_reflecting_pool, layout_basic,
          chequers_ecumenical_altar_island
D:2:      layout_loops_cross, nrook_mini_vaults, minmay_pentomino_pile
D:3:      layout_loops_cross, cheibriados_altar_1,
          chequers_serial_rivers_small_3
D:4:      layout_gridville, lemuel_crystal_altar, uniq_pikel

Skill      XL: |  1  2  3  4  5  6 |
---------------+-------------------+-----
Long Blades    | 2 3 5 |  5.7
Shields        | 3 |  3.4
Armour         | 3 |  3.3
Fighting       | 4 5 |  5.4

Action                   |  1- 3 |  4- 6 |  7- 9 || total
-------------------------+-------+-------+-------++-------
Melee: Long sword        |    78 |    85 |     6 ||   169
Armor: Scale mail        |    39 |    43 |     1 ||    83
Dodge: Dodged            |    24 |    33 |     1 ||    58
Block: Buckler           |    13 |    25 |     3 ||    41

Table legend: (Time is in decaauts)
 A = Elapsed time spent in this place.
 B = Non-inter-level travel time spent in this place.
 C = Inter-level travel time spent in this place.
 D = Time resting spent in this place.
 E = Time spent auto-exploring this place.
 F = Levels seen in this place.
 G = Mean time per level.
                   A        B        C        D        E       F      G
               +--------+--------+--------+--------+--------+-----+--------+
         Total |   4259 |   3956 |    303 |    395 |   3074 |   4 | 1064.8 |
       Dungeon |   4259 |   3956 |    303 |    395 |   3074 |   4 | 1064.8 |
               +--------+--------+--------+--------+--------+-----+--------+

Top non-repeatable levels by time:
     D:1: 1289 daAuts
     D:2: 1164 daAuts
     D:4: 951 daAuts
     D:3: 853 daAuts
